Map: [ESL] Alcyone

Players

Lambo

  • Race: Zerg Zerg
  • League: Master
  • Spawn Location: 7:00

NAVISpirit (souL) - Winner!

  • Race: Terran Terran
  • League: Master
  • Spawn Location: 1:00

VOD

Have the link to the VOD?

Description

Time

  • Played on: Dec. 28, 2023, 6:45 a.m.
  • Length: 3:18
Show
View Real Time Build Order
Export as new Build Order

Lambo Zerg 

Build Orders: Hatch First 

Get SALT Encoding   

  12  0:00  Drone  
  13  0:12  Overlord  
  13  0:17  Drone  
  14  0:30  Drone x2  
  16  0:48  Hatchery  
  15  0:51  Drone  
  15  0:54  Drone  
  17  0:57  Drone  
  18  1:07  Extractor  
  17  1:12  Spawning Pool  
  17  1:15  Drone  
  17  1:18  Drone  
  18  1:27  Drone  
  19  1:38  Drone  
  20  1:50  Drone  
  21  2:00  Zergling x2, Queen x2  
  21  2:01  Zergling x2  
  27  2:12  Zergling x2  
  27  2:15  Overlord  
  28  2:43  Zergling x2  
Show
View Real Time Build Order
Export as new Build Order

NAVISpirit Terran - Winner!

Build Orders:  

Get SALT Encoding   

  12  0:00  SCV  
  13  0:12  SCV  
  14  0:17  Supply Depot  
  14  0:24  SCV  
  15  0:40  Barracks  
  15  0:50  Barracks  
  15  1:05  Barracks  
  15  1:08  SCV  
  16  1:20  SCV  
  17  1:27  Marine  
  17  1:32  Orbital Command  
  18  1:36  Marine  
  19  1:45  Supply Depot, Marine  
  20  1:51  Marine  
  21  1:54  Marine  
  22  2:03  Marine  
  22  2:06  Bunker  
  23  2:11  Marine  
  24  2:18  Marine  
  24  2:21  Marine  
  26  2:29  Marine  
  26  2:35  Marine  
  27  2:38  Marine, Bunker  
  27  2:47  Marine  
  28  2:53  Marine  
  28  2:56  Marine  
Tags
 
Matchup
TvZ
Player
LambosouL
Replay Pack
December 2023
Spawn Locations
Cross Positions
Add a new tag
Caveats
  • Supply blocks, unpowered buildings, or Contaminate may cause inaccurate times.
  • Supply counts are checked every 10 seconds.